 Dungeon Sprint DCSS version 0.26-a0-649-gf8c6c3aab7 (webtiles) character file.

Game seed: 4064038211343028763

539 sahdkjhfkaj the Spry (level 7, -3/27 HPs)
             Began as a Felid Conjurer on Sept 27, 2020.
             Was a High Priest of Sif Muna.
             Slain by a death cob (30 damage)
             ... in the Dungeon (Sprint VII: "The Pits").
             The game lasted 00:06:10 (2104 turns).

sahdkjhfkaj the Spry (Felid Conjurer)               Turns: 2104, Time: 00:06:10

Health: -3/27      AC:  2    Str:  3    XL:     7   Next: 5%
Magic:  12/23      EV: 31    Int: 22    God:    Sif Muna [*****.]
Gold:   0          SH:  0    Dex: 15    Spells: 18/29 levels left
                                        Lives:  0   Deaths: 2

rFire    . . .     SeeInvis +   (weapon unavailable)
rCold    . . .     Faith    .   (shield unavailable)
rNeg     . . .     Spirit   .   (armour unavailable)
rPois    .         Reflect  .   (helmet unavailable)
rElec    .         Harm     .   (cloak unavailable)
rCorr    .         Rampage  .   (gloves unavailable)
MR       +....     NoTele   +   (boots unavailable)
Stlth    +++.......             (no amulet)
HPRegen  0.09/turn              (no ring)
MPRegen  0.18/turn              (no ring)

@: quick
A: very small, no armour, no weapons or thrown items, stealth, claws 1, fangs 3,
see invisible, speed 1, shaggy fur 2, sharp paws
a: Channel Magic, Forget Spell, Divine Exegesis, Renounce Religion


You were in the Dungeon.
You worshipped Sif Muna.
Sif Muna was extremely pleased with you.
You visited 1 branch

Inventory:

Jewellery
 j - a +3 ring of dexterity
 l - a +3 ring of evasion
Scrolls
 g - a scroll of blinking
 h - 3 scrolls of remove curse
 i - 5 scrolls of amnesia
 k - 2 scrolls of vulnerability
Potions
 a - 3 potions of berserk rage
 b - 6 potions of curing
 c - 8 potions of heal wounds
 d - a potion of haste
 e - 3 potions of magic
 f - 2 potions of invisibility
 m - 3 potions of mutation
 n - a potion of resistance


   Skills:
 + Level 15.6 Dodging
 - Level 2.6 Stealth
 + Level 11.5 Spellcasting
 - Level 10.2 Conjurations


You had 18 spell levels left.
You knew the following spells:

 Your Spells              Type           Power        Failure   Level
a - Magic Dart            Conj           ####         1%          1
b - Searing Ray           Conj           ######       1%          2
c - Iskenderun's Mystic   Conj/Tloc      #####...     6%          4
d - Fulminant Prism       Conj/Hex       #####.....   6%          4

Your spell library contained the following spells:

 Spells                   Type           Power        Failure   Level
 Foxfire                  Conj/Fire      ####         1%          1
 Shock                    Conj/Air       ####         1%          1
 Dazzling Flash           Conj/Hex       #####.       1%          3
 Stone Arrow              Conj/Erth      #####.       1%          3
 Corona                   Hex            ##.....      5%          1
 Poisonous Vapours        Pois/Air       ##....       8%          2
 Ignite Poison            Fire/Tmut/Pois ##......     16%         3
 Ozocubu's Armour         Ice            ##......     16%         3
 Bolt of Magma            Conj/Fire/Erth ####......   34%         5
 Conjure Ball Lightning   Conj/Air       #####.....   69%         6
 Iron Shot                Conj/Erth      #####.....   69%         6
 Starburst                Conj/Fire      #####.....   69%         6
 Summon Demon             Summ           ##........   82%         5
 Shadow Creatures         Summ           N/A          100%        6
 Simulacrum               Ice/Necr       ##........   100%        6
 Haunt                    Necr/Summ      ##........   100%        7
 Summon Horrible Things   Summ           ##........   100%        8


Dungeon Overview and Level Annotations

Branches:
Dungeon (1/1)

Altars:
Ashenzari
Cheibriados
Dithmenos
Elyvilon
Fedhas
Gozag
Hepliaklqana
Kikubaaqudgha
Makhleb
Nemelex Xobeh
Okawaru
Qazlal
Ru
Sif Muna
Trog
Uskayaw
Vehumet
Wu Jian
Xom
Yredelemnul
Zin
The Shining One
Beogh
Jiyva
Lugonu


Innate Abilities, Weirdness & Mutations

You cannot wear armour.
You are incapable of wielding weapons or throwing items.
Your paws allow you to move quietly. (Stealth)
You have sharp claws.
You have razor-sharp teeth.
You have supernaturally acute eyesight. (SInv)
You cover ground quickly.
You are covered in thick fur. (AC +2)
Your sharp claws are effective at attacking unaware monsters.


Message History

The death cob is heavily damaged.
The death cob barely misses you. The death cob completely misses you.
Unknown command.
Unknown command.
The searing ray hits the death cob!
The death cob is heavily damaged.
You finish channeling your searing ray.
The death cob closely misses you. The death cob completely misses you.
The death cob misses you.
Unknown command.
Casting: Searing Ray (safe; 1% risk of failure)
Confirm with . or Enter, or press ? or * to list all spells.
Aiming: Searing Ray (safe; 1% risk of failure)
Press: ? - help, Shift-Dir - straight line, f/p - death cob
Aim: a death cob (heavily damaged)
The searing ray hits the death cob!
The death cob is heavily damaged. (Press . to maintain the ray.)
The death cob hits you!!
Ouch! That really hurt!
You die...

##########'##..........
#..(.')))'.##......#..#
##########.##).........
#..........)†z.........
#'#####'#####......#..#
#.#..#..#.†##..†.......
#.#..'..'..#####'#####'
#.##'####+###.......##'
#.#..z@....##.......##.
#.#........##.......##.
#.#####'#####...<...###
#)#...)))[.##.......# #
#.#...)))[.##.......###
#)###########.......##.
#)......#..###########.
#..###.)#D############.
#.......#)#....#..[[###


You could see a death cob.

Vanquished Creatures
  A jumping spider (D)
  A spriggan (D)
  3 yaks (D)
  A basilisk (D)
  A warg (D)
  4 floating eyes (D)
  A sky beast (D)
  A necrophage (D)
  A bullfrog (D)
  3 wights (D)
  A crimson imp (D)
  An orc priest (D)
  A jelly (D)
  2 gnoll shamans (D)
  An orc wizard (D)
  A worker ant (D)
  4 gnolls (D)
  A river rat (D)
  An ooze (D)
  2 leopard geckos (D)
  2 orcs (D)
  3 jackals (D)
  A bat (D)
  A frilled lizard (D)
39 creatures vanquished.

Vanquished Creatures (others)
  2 fulminant prisms (D)
2 creatures vanquished.

Grand Total: 41 creatures vanquished

Notes
Turn   | Place    | Note
-------+----------+-------------------------------------------
     0 | D        | sahdkjhfkaj the Felid Conjurer began the quest for the Orb.
     0 | D        | Reached XP level 1. HP: 7/7 MP: 4/4
    11 | D        | Noticed a worker ant
    17 | D        | Killed a worker ant
    17 | D        | Reached skill level 4 in Dodging
    17 | D        | Reached skill level 5 in Conjurations
    17 | D        | Reached XP level 2. HP: 11/11 MP: 2/7
   239 | D        | Learned a level 2 spell: Searing Ray
   243 | D        | Found a bloodstained altar of Trog.
   243 | D        | Found a shimmering blue altar of Sif Muna.
   243 | D        | Found a viscous altar of Jiyva.
   243 | D        | Found a hazy altar of Hepliaklqana.
   243 | D        | Found an opulent altar of Gozag.
   244 | D        | Found a glowing golden altar of the Shining One.
   244 | D        | Found a glowing silver altar of Zin.
   244 | D        | Found a basalt altar of Yredelemnul.
   244 | D        | Found a shimmering altar of Xom.
   244 | D        | Found an ornate altar of the Wu Jian Council.
   244 | D        | Found a sacrificial altar of Ru.
   244 | D        | Found a stormy altar of Qazlal.
   244 | D        | Found an iron altar of Okawaru.
   244 | D        | Found a sparkling altar of Nemelex Xobeh.
   244 | D        | Found a burning altar of Makhleb.
   244 | D        | Found a blossoming altar of Fedhas.
   244 | D        | Found a white marble altar of Elyvilon.
   244 | D        | Found a shadowy altar of Dithmenos.
   244 | D        | Found a snail-covered altar of Cheibriados.
   245 | D        | Found a radiant altar of Vehumet.
   245 | D        | Found a corrupted altar of Lugonu.
   245 | D        | Found a roughly hewn altar of Beogh.
   246 | D        | Found a hide-covered altar of Uskayaw.
   246 | D        | Found an ancient bone altar of Kikubaaqudgha.
   246 | D        | Found a broken altar of Ashenzari.
   249 | D        | Became a worshipper of Sif Muna the Loreminder
   276 | D        | Noticed a floating eye
   279 | D        | Killed a floating eye
   279 | D        | Reached skill level 6 in Dodging
   279 | D        | Reached XP level 3. HP: 14/14 MP: 5/10
   279 | D        | Reached XP level 4. HP: 18/18 MP: 5/11
   340 | D        | Reached * piety under Sif Muna
   342 | D        | Reached skill level 7 in Dodging
   374 | D        | Noticed a floating eye
   374 | D        | Noticed a floating eye
   376 | D        | Killed a floating eye
   376 | D        | Reached ** piety under Sif Muna
   376 | D        | Reached skill level 8 in Dodging
   376 | D        | Reached skill level 5 in Spellcasting
   376 | D        | Reached XP level 5. HP: 21/21 MP: 10/14
   376 | D        | Paralysed by a floating eye for 4 turns
   381 | D        | Killed a floating eye
   381 | D        | Reached skill level 9 in Dodging
   381 | D        | Gained mutation: You are covered in thick fur. (AC +2)
                  | [Felid growth]
   381 | D        | Reached XP level 6. HP: 24/24 MP: 8/16
   442 | D        | Reached *** piety under Sif Muna
   531 | D        | Noticed a floating eye
   533 | D        | Noticed a sky beast
   538 | D        | Killed a floating eye
   538 | D        | Reached skill level 10 in Dodging
   538 | D        | Reached skill level 10 in Conjurations
   539 | D        | Reached **** piety under Sif Muna
   539 | D        | Reached XP level 7. HP: 12/27 MP: 12/18
   543 | D        | Reached skill level 11 in Dodging
   644 | D        | Reached ***** piety under Sif Muna
   682 | D        | Identified Sif Muna's Compendium of Excruciating Snow (Sif
                  | Muna gifted it to you in the Dungeon)
   682 | D        | Received a gift from Sif Muna
   682 | D        | Reached skill level 12 in Dodging
   727 | D        | Noticed a jumping spider
   730 | D        | Killed a jumping spider
   796 | D        | Reached XP level 8. HP: 31/31 MP: 19/22
   797 | D        | Reached skill level 13 in Dodging
   837 | D        | Noticed a swamp dragon
   858 | D        | Identified Sif Muna's Collected Works on Cankerous
                  | Conjuration (Sif Muna gifted it to you in the Dungeon)
   858 | D        | Received a gift from Sif Muna
   865 | D        | Reached skill level 10 in Spellcasting
  1115 | D        | Learned a level 4 spell: Iskenderun's Mystic Blast
  1374 | D        | Reached skill level 14 in Dodging
  1639 | D        | Identified Sif Muna's Handbook of Entrancing Companions
                  | (Sif Muna gifted it to you in the Dungeon)
  1639 | D        | Received a gift from Sif Muna
  1639 | D        | Reached skill level 15 in Dodging
  1693 | D        | Noticed a two-headed ogre
  1693 | D        | Noticed a cyclops
  1888 | D        | Reached XP level 9. HP: 25/34 MP: 17/25
  1985 | D        | Noticed a death cob
  1985 | D        | Noticed a gargoyle
  1986 | D        | Demolished by a death cob
  1987 | D        | Reached XP level 8. HP: -14/31 MP: 24/24
  2079 | D        | Learned a level 4 spell: Fulminant Prism
  2084 | D        | Annihilated by a death cob
  2085 | D        | Reached XP level 7. HP: -27/27 MP: 13/23
  2104 | D        | Slain by a death cob

Illustrated notes

Levels and vault maps discovered:
D:        pitsprint [storerooms_1, entrance_room_1, metal_vault_5, armoury_3,
          mini_pit_1, grid_room_1, main_hall_1, silver_pit, the_coven_2,
          the_vestibule_1, steel_vault_4, golden_pit, hallway_of_sentries,
          crystal_vault_4, iron_vault_2, final_vault]

Skill      XL: |  1  2  3  4  5  6  7  8 |
---------------+-------------------------+-----
Dodging        | 4 6 8 9 10 12 15 | 15.6
Spellcasting   | 3 4 5 6 7 9 11 | 11.5
Conjurations   | 5 7 8 9 10 | 10.2
Stealth        | |  2.6

Action                   |  1- 3 |  4- 6 |  7- 9 || total
-------------------------+-------+-------+-------++-------
Melee: Unarmed           |     3 |       |     6 ||     9
       Bite              |       |       |     1 ||     1
 Cast: Magic Dart        |     2 |       |       ||     2
       Searing Ray       |     1 |     6 |    21 ||    28
       Iskenderun's Myst |       |       |     7 ||     7
       Fulminant Prism   |       |       |     2 ||     2
  Use: Potion            |     1 |       |     4 ||     5
       Scroll            |       |       |     1 ||     1
Armor: Skin              |       |       |     1 ||     1
Dodge: Dodged            |     2 |     1 |    52 ||    55

Table legend: (Time is in decaauts)
 A = Elapsed time spent in this place.
 B = Non-inter-level travel time spent in this place.
 C = Inter-level travel time spent in this place.
 D = Time resting spent in this place.
 E = Time spent auto-exploring this place.
 F = Levels seen in this place.
 G = Mean time per level.
                   A        B        C        D        E       F      G
               +--------+--------+--------+--------+--------+-----+--------+
         Total |   2042 |   1990 |     52 |   1552 |      0 |   1 | 2042.0 |
       Dungeon |   2042 |   1990 |     52 |   1552 |      0 |   1 | 2042.0 |
               +--------+--------+--------+--------+--------+-----+--------+

Top non-repeatable levels by time:
       D: 2042 daAuts
